 Dungeon Crawl Stone Soup version 0.28-a0-1613-gdaab1c2f9b (webtiles) character file.

Game seed: 1612289443961326190

59931 tilp the Destroyer (level 14, -16/66 HPs)
             Began as a Felid Ice Elementalist on Jan 20, 2022.
             Was a High Priest of Vehumet.
             Hit by a silver javelin thrown by a merfolk javelineer (19 damage)
             ... on level 2 of the Shoals on Jan 22, 2022.
             The game lasted 01:46:49 (51107 turns).

tilp the Destroyer (Felid Ice Elementalist)        Turns: 51107, Time: 01:46:49

Health: -16/66     AC: 13    Str:  4    XL:     14   Next: 55%
Magic:  5/26       EV: 23    Int: 24    God:    Vehumet [*****.]
Gold:   462        SH:  0    Dex: 17    Spells: 4/28 levels left
                                        Lives:  0   Deaths: 4

rFire   . . .      SeeInvis +     - Unarmed
rCold   + + .      Faith    .   (shield unavailable)
rNeg    + . .      Spirit   .   (armour unavailable)
rPois   +          Reflect  .   (helmet unavailable)
rElec   +          Harm     .   (cloak unavailable)
rCorr   .          Rampage  .   (gloves unavailable)
Will    +++..                   (boots unavailable)
Stlth   +++.......              D - amulet of Xaevim {RegenMP rElec rC+}
HPRegen 0.21/turn               G - ring of poison resistance
MPRegen 0.60/turn               I - ring of Miuthruj {rN+ Will+}

@: ice-armoured, very slow
A: very small, claws 1, fangs 3, see invisible, speed 1, shaggy fur 3, stealthy
paws, no weapons or thrown items, no armour, multi-lived
a: Renounce Religion


You were on level 2 of the Shoals.
You worshipped Vehumet.
Vehumet was extremely pleased with you.
You visited 6 branches of the dungeon, and saw 26 of its levels.

You collected 3284 gold pieces.
You spent 2822 gold pieces at shops.

Inventory:

Jewellery
 j - a ring of resist corrosion
 k - a ring of ice
 n - a ring of willpower
 o - a ring of willpower
 t - a +6 ring of intelligence
 z - a +4 ring of evasion
 D - the amulet of Xaevim (around neck) {RegenMP rElec rC+}
   (You acquired it on level 4 of the Lair of Beasts)

   [amulet of magic regeneration]

   It increases your rate of magic regeneration.
   rC:        It protects you from cold.
   rElec:     It insulates you from electricity.
 E - an amulet of the acrobat
 G - a ring of poison resistance (left paw)
 H - a ring of positive energy
 I - the ring of Miuthruj (right paw) {rN+ Will+}
   (You found it on level 6 of the Lair of Beasts)

   [ring of positive energy]

   rN:        It protects you from negative energy.
   Will:      It increases your willpower.
 L - an amulet of faith
 M - a +6 ring of strength
 S - a +4 ring of protection
 U - a +6 ring of intelligence
Wands
 i - a wand of iceblast (24)
 p - a wand of paralysis (13)
 q - a wand of flame (23)
 x - a wand of polymorph (10)
 K - a wand of charming (13)
Scrolls
 e - 3 scrolls of amnesia
 f - 4 scrolls of magic mapping
 h - 6 scrolls of fog
 m - 3 scrolls of teleportation
 s - a scroll of summoning
 w - 2 scrolls of torment
 A - 2 scrolls of vulnerability
 J - 4 scrolls of identify
 O - 3 scrolls of blinking
 W - a scroll of immolation
Potions
 a - 3 potions of lignification
 b - 6 potions of curing
 c - 5 potions of mutation
 d - a potion of attraction
 g - a potion of heal wounds
 l - a potion of berserk rage
 r - a potion of magic
 u - a potion of brilliance
 v - 3 potions of might
 B - a potion of haste
 C - 2 potions of resistance
 F - 2 potions of cancellation
 P - a potion of invisibility
 Q - 5 potions of flight
Miscellaneous
 y - a condenser vane
 N - a phial of floods (inert)
 R - a box of beasts (inert)
 T - a piece from Xom's chessboard (15/15)
 V - a lightning rod (4/4)


   Skills:
 - Level 10.0 Fighting
 - Level 10.0 Dodging
 - Level 12.0 Stealth
 - Level 10.0 Unarmed Combat
 + Level 7.9 Spellcasting
 + Level 14.0 Conjurations
 - Level 6.0 Hexes
 + Level 14.0 Ice Magic
 - Level 6.0 Air Magic
 + Level 4.4 Earth Magic
 - Level 8.0 Evocations


You had 4 spell levels left.
You knew the following spells:

 Your Spells              Type           Power      Damage    Failure   Level
a - Freeze                Ice            100%       1d11      0%          1
b - Frozen Ramparts       Ice            100%       1d12      1%          3
c - Ozocubu's Armour      Ice            67%        N/A       1%          3
d - Hailstorm             Conj/Ice       67%        3d14      1%          4
e - Ensorcelled Hibernat  Hex/Ice        100%       N/A       1%          2
f - Freezing Cloud        Conj/Ice/Air   29%        6-21      1%          5
g - Iron Shot             Conj/Erth      26%        9d6       6%          6

Your spell library contained the following spells:

 Spells                   Type           Power      Damage    Failure   Level
 Irradiate                Conj/Tmut      21%        3d20      3%          5
 Magic Dart               Conj           100%       1d8       0%          1
 Static Discharge         Conj/Air       55%        N/A       1%          2
 Confusing Touch          Hex            38%        N/A       1%          3
 Dazzling Flash           Conj/Hex       100%       N/A       1%          3
 Mephitic Cloud           Conj/Pois/Air  41%        N/A       1%          3
 Airstrike                Air            19%        N/A       1%          4
 Ice Form                 Ice/Tmut       43%        N/A       3%          4
 Summon Guardian Golem    Hex/Summ       23%        N/A       6%          3
 Summon Small Mammal      Summ           36%        N/A       7%          1
 Call Imp                 Summ           9%         N/A       10%         2
 Anguish                  Hex/Necr       11%        N/A       19%         4
 Summon Lightning Spire   Summ/Air       23%        N/A       19%         4
 Call Canine Familiar     Summ           9%         N/A       21%         3
 Gell's Gravitas          Tloc           9%         N/A       21%         3
 Spider Form              Tmut/Pois      9%         N/A       21%         3
 Teleport Other           Tloc           9%         N/A       21%         3
 Animate Dead             Necr           4%         N/A       54%         4
 Lightning Bolt           Conj/Air       27%        1d44      1%          5
 Ozocubu's Refrigeration  Ice            33%        4d11      5%          7
 Yara's Violent Unravell  Hex/Tmut       11%        3d6       14%         5
 Silence                  Hex/Air        19%        N/A       16%         5
 Simulacrum               Ice/Necr       21%        N/A       50%         6
 Borgnjor's Vile Clutch   Necr/Erth      10%        N/A       58%         5
 Agony                    Necr           9%         N/A       88%         5
 Enfeeble                 Hex            19%        N/A       99%         7
 Death Channel            Necr           4%         N/A       100%        6
 Dispersal                Tloc           4%         N/A       100%        6
 Storm Form               Tmut/Air       11%        N/A       100%        7
 Maxwell's Capacitive Co  Air            19%        ∞         100%        8


Dungeon Overview and Level Annotations

Branches:
Dungeon (12/15)            Temple (1/1) D:6            Lair (6/6) D:9
 Shoals (2/4) Lair:2        Snake (3/4) Lair:3        Slime (0/5) Lair:5
    Orc (2/2) D:9             Elf (0/3) Orc:2

Altars:
Ashenzari
Cheibriados
Dithmenos
Elyvilon
Fedhas
Gozag
Hepliaklqana
Kikubaaqudgha
Makhleb
Nemelex Xobeh
Okawaru
Qazlal
Ru
Sif Muna
Trog
Uskayaw
Vehumet
Wu Jian
Xom
Yredelemnul
Zin
The Shining One
Beogh

Shops:
D:2 *   D:4 :   Orc:2 ([=!(   Snake:2 [*!*   Snake:3 *

Annotations:
D:11 exclusion: orange crystal statue
Shoals:1 Mlioglotl
Orc:2 1 runed translucent door, anonymous's ghost, journeyman NaFi


Innate Abilities, Weirdness & Mutations

You have sharp claws.
You have razor-sharp teeth.
You have supernaturally acute eyesight. (SInv)
You cover ground quickly. (Speed+)
Your thick and shaggy fur keeps you warm. (AC +3, rC+)
Your paws help you pounce on unaware monsters.
You are incapable of wielding weapons or throwing items.
You cannot wear armour.
You gain extra lives every three experience levels.


Message History

Aiming: Freezing Cloud (dangerous; 1% risk of failure)
Press: ? - help, Dir - move target, f - sea snake
Aim: a sea snake (moderately wounded)
The sea snake is engulfed in freezing vapours.
Unknown command.
Unknown command.
Casting: Freezing Cloud (dangerous; 1% risk of failure)
Confirm with . or Enter, or press ? or * to list all spells.
Aiming: Freezing Cloud (dangerous; 1% risk of failure)
Press: ? - help, Dir - move target, p - sea snake That beam is likely to hit you.
Continue anyway?
Okay, then.
Unknown command.
Casting: Freezing Cloud (dangerous; 1% risk of failure)
Confirm with . or Enter, or press ? or * to list all spells.
A film of ice covers your body!
The sea snake is engulfed in freezing vapours.
Casting: Ozocubu's Armour (safe; 1% risk of failure)
Confirm with . or Enter, or press ? or * to list all spells.
Casting: Hailstorm (safe; 1% risk of failure)
Press: ? - help, Dir - look around, f - activate A cannonade of hail descends around you!
The hail pelts the sea snake!
The sea snake is almost dead.
Unknown command.
Unknown command.
Unknown command.
Unknown command.
Casting: Hailstorm (safe; 1% risk of failure)
Confirm with . or Enter, or press ? or * to list all spells.
Aiming: Freeze (safe; 0% risk of failure)
Press: ? - help, Shift-Dir - straight line, f - sea snake
Aim: a sea snake (almost dead)
You freeze the sea snake.
The sea snake is almost dead.
The sea snake seems to slow down.
The sea snake is no longer moving slowly.
The merfolk javelineer throws a silver javelin.
The silver javelin pierces through you!!
You die...

≈≈≈≈≈≈≈≈≈≈≈≈...≈≈≈≈...≈≈≈.[.≈≈≈≈≈
≈≈≈≈≈≈≈≈≈≈≈≈≈≈≈≈≈≈≈≈≈≈≈≈≈..≈≈≈≈≈≈
≈≈≈≈≈≈≈≈≈m≈≈≈≈≈≈≈≈≈≈≈≈≈≈≈≈.≈≈≈≈≈≈
≈≈≈≈≈....≈≈≈§§≈≈≈≈≈≈≈≈≈≈......≈≈≈
≈≈≈≈$)###.§§☼≈≈≈≈≈≈≈≈≈≈≈ ≈≈≈≈≈
#.§§§≈≈≈≈≈≈≈≈≈≈≈ ≈≈≈.
#..○§....≈≈≈≈≈≈≈ ≈≈.
#..###...≈≈≈≈≈≈≈ ≈. ..##
#.S@≈≈≈≈≈≈≈ ≈ ≈.. #..≈≈≈≈≈≈≈≈≈
≈≈≈.....≈≈≈≈≈≈≈≈≈
≈≈≈≈≈≈≈≈≈≈≈≈≈≈≈≈≈
≈≈≈≈≈≈≈≈≈≈≈≈≈≈≈≈≈≈
≈≈≈≈≈≈≈≈≈≈≈≈≈≈≈ ≈≈≈≈≈≈≈≈≈≈≈≈≈≈≈
≈≈≈≈≈≈≈≈≈≈≈≈≈≈≈


You could see a merfolk javelineer and a sea snake.

Vanquished Creatures
  Jorgrun (Shoals:1)
  Gastronok (Lair:1)
  A nagaraja (Snake:1)
  An orc warlord (Orc:2)
  Aizul (Shoals:2)
  2 merfolk impalers
  Josephine (D:12)
  2 boulder beetles
  5 hydras
  The ghost of vineage the Fighter, a novice MiFi of Okawaru (D:8)
  9 naga warriors
  A catoblepas (Lair:6)
  A satyr (Shoals:2)
  7 anacondas
  A merfolk avatar (Shoals:1)
  5 death yaks (Lair:5)
  4 two-headed ogres
  5 naga sharpshooters
  4 shock serpents
  2 goliath frogs (Lair:6)
  4 sea snakes
  5 naga ritualists
  2 orc knights
  An oklob plant (Lair:6)
  The ghost of ThreePoint314 the Cleaver, a novice HOFi of Hepliaklqana (D:6)
  Pikel (D:6)
  5 harpies (Shoals:2)
  11 fauns
  5 mana vipers (Snake:1)
  7 salamanders
  A cyclops (Shoals:1)
  5 orc sorcerers
  3 elephants (Lair:6)
  4 manticores
  3 water nymphs (Shoals:2)
  4 merfolk sirens
  2 rust devils (D:8)
  Maurice (D:8)
  35 black mambas
  9 naga magi
  A gargoyle (D:12)
  2 unseen horrors
  25 cane toads
  A kobold demonologist (D:8)
  12 komodo dragons
  3 rime drakes
  7 merfolk
  2 tyrant leeches (Lair:6)
  3 wind drakes
  4 polar bears
  10 trolls
  5 slime creatures (D:12)
  A hornet (D:9)
  40 blink frogs
  14 dream sheep
  Grinder (D:5)
  6 wraiths (D:12)
  Sigmund (D:3)
  63 yaks
  2 shadows
  2 wyverns
  A water elemental (Shoals:1)
  5 basilisks
  The ghost of qborf the Summoner, an amateur FeSu of Gozag (D:6)
  2 steam dragons
  Eustachio (D:5)
  7 vampire mosquitoes
  3 swamp worms (Lair:1)
  2 wargs (Orc:2)
  15 nagas
  Edmund (D:6)
  16 water moccasins
  Duvessa (D:7)
  3 ice beasts
  33 orc warriors
  A swamp drake (D:9)
  4 black bears (D:9)
  7 ogres
  18 wolves
  2 lemures (D:6)
  A phantom (D:6)
  4 centaurs
  10 kobold brigands
  27 bullfrogs
  2 gnoll sergeants
  2 scorpions
  A wyvern skeleton (D:6)
  Dowan (D:7)
  A water moccasin skeleton (D:6)
  15 killer bees
  5 wights (D:5)
  8 electric eels
  4 howler monkeys
  A bullfrog zombie (D:6)
  3 hounds
  2 centaur zombies
  4 jellies
  4 bullfrog skeletons
  31 orc priests
  3 centaur skeletons
  2 iguanas
  Ijyb (D:3)
  29 orc wizards
  2 killer bee zombies
  A hound zombie (D:3)
  Robin (D:3)
  16 gnolls
  12 adders
  A white imp (D:7)
  An ufetubus (D:5)
  An adder skeleton (D:4)
  A worm (D:4)
  2 dart slugs
  79 orcs
  4 bats
  2 endoplasms
  2 giant cockroaches
  15 goblins
  8 hobgoblins
  3 jackals
  A quokka (D:2)
  13 ball pythons
  4 frilled lizards
  12 kobolds
  4 rats
838 creatures vanquished.

Vanquished Creatures (collateral kills)
  A merfolk impaler (Shoals:2)
  An ice dragon (Lair:1)
  A merfolk (Shoals:2)
  An electric eel (Lair:1)
4 creatures vanquished.

Vanquished Creatures (others)
  A bush (Lair:6)
  120 fungi
  267 plants
  11 toadstools (Lair:6)
  6 withered plants (D:6)
405 creatures vanquished.

Grand Total: 1247 creatures vanquished

Notes
Turn   | Place    | Note
-------+----------+-------------------------------------------
     0 | D:1      | tilp the Felid Ice Elementalist began the quest for the
                  | Orb.
     0 | D:1      | Reached XP level 1. HP: 7/7 MP: 4/4
   795 | D:2      | Reached XP level 2. HP: 7/11 MP: 3/6
  1171 | D:2      | Reached XP level 3. HP: 14/14 MP: 4/7
  1352 | D:2      | Learned a level 3 spell: Frozen Ramparts
  1356 | D:2      | Learned a level 3 spell: Ozocubu's Armour
  1396 | D:2      | Reached XP level 4. HP: 15/18 MP: 0/9
  1929 | D:2      | Reached skill level 5 in Ice Magic
  2336 | D:2      | Found Foteaddue's Assorted Antiques.
  2344 | D:2      | Bought a blue potion for 13 gold pieces
  2442 | D:2      | Reached XP level 5. HP: 14/21 MP: 2/10
  3048 | D:3      | Found a shadowy altar of Dithmenos.
  3435 | D:2      | Reached skill level 1 in Fighting
  3435 | D:2      | Gained mutation: You are covered in thick fur. (AC +2)
                  | [Felid growth]
  3435 | D:2      | Reached XP level 6. HP: 25/25 MP: 5/11
  3514 | D:3      | Noticed Sigmund
  3531 | D:3      | Reached skill level 1 in Unarmed Combat
  3945 | D:3      | Killed Sigmund
  4228 | D:3      | Noticed Ijyb
  4245 | D:3      | Killed Ijyb
  4387 | D:3      | Reached XP level 7. HP: 27/30 MP: 8/12
  4414 | D:3      | Noticed Robin
  4431 | D:3      | Killed Robin
  4847 | D:4      | Found Sunok's Book Emporium.
  4972 | D:4      | Identified the +5 whip "Faphotos" {flame, Will++ Dex-3}
  5249 | D:5      | Entered Level 5 of the Dungeon
  5553 | D:5      | Noticed Eustachio
  5659 | D:5      | You fall into a shaft and drop 3 floors!
  5717 | D:7      | Noticed Duvessa
  5717 | D:7      | Noticed Dowan
  5943 | D:6      | Found a runed translucent gate.
  5944 | D:6      | Found a runed translucent gate.
  5945 | D:6      | Found a runed translucent gate.
  6054 | D:6      | Reached skill level 5 in Stealth
  6129 | D:6      | Noticed Edmund
  6159 | D:6      | Reached XP level 8. HP: 17/36 MP: 2/13
  6170 | D:6      | Killed Edmund
  6524 | D:6      | Found a staircase to the Ecumenical Temple.
  6543 | Temple   | Entered the Ecumenical Temple
  6979 | D:5      | Found a shimmering blue altar of Sif Muna.
  7091 | D:5      | Learned a level 4 spell: Hailstorm
  7486 | D:5      | Killed Eustachio
  7487 | D:5      | Reached skill level 1 in Conjurations
  7794 | D:5      | Noticed Grinder
  8053 | D:6      | Noticed Pikel
  8067 | D:6      | Killed Pikel
  8068 | D:6      | Reached skill level 5 in Spellcasting
  8068 | D:6      | Reached XP level 9. HP: 12/39 MP: 6/17
  8395 | D:5      | Killed Grinder
  8953 | D:6      | Noticed qborf's ghost (amateur FeSu)
  8953 | D:6      | Noticed ThreePoint314's ghost (novice HOFi)
  9409 | D:6      | Reached skill level 5 in Conjurations
  9507 | D:7      | Found an opulent altar of Gozag.
 10008 | D:7      | Reached skill level 1 in Evocations
 10177 | D:7      | Killed Duvessa
 10397 | D:7      | Killed Dowan
 10501 | D:7      | Found an ancient bone altar of Kikubaaqudgha.
 11005 | D:8      | Noticed a boulder beetle
 11467 | D:8      | Reached XP level 10. HP: 43/43 MP: 3/18
 11731 | D:8      | Reached skill level 5 in Unarmed Combat
 11780 | D:8      | Reached skill level 5 in Fighting
 12140 | D:8      | Found a runed translucent gate.
 12142 | D:8      | Found a runed translucent gate.
 12325 | D:8      | Noticed Maurice
 12332 | D:8      | Killed Maurice
 12333 | D:8      | Reached skill level 5 in Dodging
 12489 | D:8      | Noticed vineage's ghost (novice MiFi)
 12490 | D:8      | Found a runed translucent gate.
 12702 | D:9      | Noticed a two-headed ogre
 13664 | D:9      | Killed a two-headed ogre
 13982 | D:4      | Bought a book of Dreams for 336 gold pieces
 13985 | D:4      | Learned a level 2 spell: Ensorcelled Hibernation
 14140 | D:9      | Found a sacrificial altar of Ru.
 14143 | D:9      | Found a radiant altar of Vehumet.
 14150 | D:9      | Became a worshipper of Vehumet
 14164 | D:9      | Found a staircase to the Lair.
 14417 | D:9      | Found a snail-covered altar of Cheibriados.
 15084 | D:9      | Reached * piety under Vehumet
 15084 | D:9      | Offered knowledge of Shock by Vehumet.
 15167 | D:9      | Found a staircase to the Orcish Mines.
 15674 | D:10     | Entered Level 10 of the Dungeon
 15755 | D:10     | Noticed a two-headed ogre
 15780 | D:10     | Killed a two-headed ogre
 15781 | D:10     | Reached XP level 11. HP: 48/48 MP: 11/20
 16029 | D:10     | HP: 2/48 [yak (12)]
 16345 | D:10     | Noticed a two-headed ogre
 16353 | D:10     | Killed a two-headed ogre
 17260 | D:10     | Found a hide-covered altar of Uskayaw.
 18079 | D:11     | Found a runed translucent door.
 18293 | D:11     | Found a runed translucent door.
 18313 | D:11     | Found a runed translucent door.
 18421 | D:11     | Found a runed translucent door.
 18540 | D:11     | Noticed an orange crystal statue
 18677 | Orc:1    | Entered Level 1 of the Orcish Mines
 18684 | Orc:1    | Noticed an orc sorcerer
 18948 | Lair:1   | Entered Level 1 of the Lair of Beasts
 18961 | Lair:1   | Reached skill level 1 in Hexes
 19324 | Lair:1   | Noticed an ice dragon
 19981 | Lair:1   | Noticed Gastronok
 20087 | Lair:1   | Reached ** piety under Vehumet
 20087 | Lair:1   | Offered knowledge of Sandblast by Vehumet.
 20248 | Lair:1   | Noticed a five-headed hydra
 20267 | Lair:1   | Killed a five-headed hydra
 20447 | Lair:1   | Gained mutation: Your thick and shaggy fur keeps you warm.
                  | (AC +3, rC+) [Felid growth]
 20447 | Lair:1   | Reached XP level 12. HP: 30/52 MP: 12/23
 21443 | Lair:1   | Reached skill level 10 in Ice Magic
 22189 | Lair:2   | Reached skill level 10 in Conjurations
 22715 | Lair:2   | Found a staircase to the Shoals.
 23293 | Lair:2   | Offered knowledge of Searing Ray by Vehumet.
 24081 | Lair:3   | Noticed a boulder beetle
 24526 | Lair:2   | Slain by a yak
 24527 | Lair:2   | Reached XP level 11. HP: -1/49 MP: 22/22
 24540 | Lair:2   | Reached *** piety under Vehumet
 24902 | Lair:2   | Reached skill level 5 in Evocations
 26135 | Lair:3   | Upgraded the game from 0.28-a0-1594-ga885d4b3d6 to
                  | 0.28-a0-1613-gdaab1c2f9b
 26246 | Lair:3   | Reached XP level 12. HP: 40/55 MP: 5/23
 26463 | Lair:3   | Found a staircase to the Snake Pit.
 26559 | Lair:3   | Offered knowledge of Flame Wave by Vehumet.
 26729 | Lair:3   | Identified the +2 helmet "Caos" {Will+ rCorr Int-4 Dex+5}
 26729 | Lair:3   | Noticed a five-headed hydra
 26840 | Lair:3   | Killed a five-headed hydra
 27458 | Lair:4   | Noticed a five-headed hydra
 27490 | Lair:4   | Killed a five-headed hydra
 27604 | Lair:4   | Reached **** piety under Vehumet
 27605 | Lair:4   | Reached skill level 10 in Stealth
 28295 | Lair:4   | Offered knowledge of Lee's Rapid Deconstruction by Vehumet.
 28747 | Lair:4   | Identified 2 scrolls of acquirement
 28748 | Lair:4   | Acquired 683 gold pieces
 28750 | Lair:4   | Acquired the amulet of Xaevim {RegenMP rElec rC+}
 28866 | Lair:5   | Reached skill level 5 in Hexes
 28921 | Lair:5   | Slain by a cane toad
 28922 | Lair:5   | Reached XP level 11. HP: -4/51 MP: 22/22
 29360 | Lair:5   | Found a staircase to the Slime Pits.
 29440 | Lair:5   | Reached XP level 12. HP: 39/55 MP: 23/23
 29709 | Lair:5   | Noticed a death yak
 29711 | Lair:5   | Noticed a death yak
 29712 | Lair:5   | Noticed a death yak
 29779 | Lair:5   | Killed a death yak
 30074 | Lair:5   | Noticed a death yak
 30076 | Lair:5   | Noticed a death yak
 30077 | Lair:5   | Noticed a death yak
 30077 | Lair:5   | Noticed a death yak
 30079 | Lair:5   | Noticed a death yak
 30080 | Lair:5   | Noticed a death yak
 30082 | Lair:5   | Killed a death yak
 30088 | Lair:5   | Killed a death yak
 30093 | Lair:5   | Killed a death yak
 30576 | Lair:5   | Identified the +4 scale mail of the Frog {rC++ rN+ Int-5}
 30610 | Lair:5   | Killed a death yak
 31523 | Orc:1    | Reached ***** piety under Vehumet
 31525 | Orc:1    | Offered knowledge of Iskenderun's Battlesphere by Vehumet.
 31644 | Orc:1    | Noticed a two-headed ogre
 31651 | Orc:1    | Killed a two-headed ogre
 31813 | Orc:2    | Entered Level 2 of the Orcish Mines
 32184 | Orc:2    | Reached XP level 13. HP: 58/58 MP: 11/24
 32730 | Orc:2    | Found Boter's Jewellery Emporium.
 32826 | Orc:2    | Found Foosupha's Weapon Emporium.
 32866 | Orc:2    | Found a staircase to the Elven Halls.
 33172 | Orc:2    | Found a runed translucent door.
 33173 | Orc:2    | Found a shimmering altar of Xom.
 33173 | Orc:2    | Noticed anonymous's ghost (journeyman NaFi)
 33368 | Orc:2    | Offered knowledge of Freezing Cloud by Vehumet.
 33413 | Orc:2    | Found Ganur's Distillery.
 33472 | Orc:2    | Noticed an orc warlord
 33488 | Orc:2    | Killed an orc warlord
 33601 | Orc:2    | Found Neser's Antique Armour Emporium.
 33683 | Orc:2    | Found Gynowepn's Antique Weapon Shoppe.
 33783 | Orc:2    | Bought a potion of invisibility for 104 gold pieces
 33783 | Orc:2    | Bought a potion of cancellation for 104 gold pieces
 33783 | Orc:2    | Bought a potion of curing for 39 gold pieces
 33783 | Orc:2    | Bought a potion of resistance for 130 gold pieces
 33783 | Orc:2    | Bought a potion of cancellation for 104 gold pieces
 33783 | Orc:2    | Bought a potion of curing for 39 gold pieces
 33826 | Orc:2    | Bought a ring of poison resistance for 220 gold pieces
 33994 | D:4      | Bought the Tome of Cold for 560 gold pieces
 34000 | D:4      | Learned a level 5 spell: Freezing Cloud
 34207 | Lair:6   | Entered Level 6 of the Lair of Beasts
 34505 | Lair:6   | Reached skill level 1 in Air Magic
 36172 | Lair:6   | Reached XP level 14. HP: 64/64 MP: 16/25
 36815 | Lair:6   | Offered knowledge of Eringya's Noxious Bog by Vehumet.
 36828 | Lair:6   | Identified the ring of Miuthruj {rN+ Will+}
 37005 | Lair:6   | Found a blossoming altar of Fedhas.
 37332 | D:6      | Killed qborf's ghost
 37339 | D:6      | Killed ThreePoint314's ghost
 37816 | D:8      | Killed vineage's ghost
 38967 | D:12     | Reached skill level 10 in Unarmed Combat
 39078 | D:12     | Reached skill level 10 in Fighting
 39202 | D:12     | Noticed Josephine
 39214 | D:12     | Killed Josephine
 39567 | D:12     | Found a sacrificial altar of Ru.
 39894 | D:12     | Reached skill level 10 in Dodging
 39968 | D:12     | Identified the +8 spear "Cuwats" {drain, Int+7}
 40543 | Snake:1  | Entered Level 1 of the Snake Pit
 41441 | Snake:1  | Reached skill level 5 in Air Magic
 42254 | Snake:1  | Reached XP level 15. HP: 69/69 MP: 22/26
 42332 | Snake:1  | Identified the +0 leather armour of Proximity {Str+4
                  | Stlth-}
 43345 | Snake:1  | Noticed a nagaraja
 43357 | Snake:1  | Killed a nagaraja
 43760 | Snake:2  | Mangled by a naga mage
 43761 | Snake:2  | Reached XP level 14. HP: -6/66 MP: 20/25
 44388 | Snake:2  | HP: 3/66 [poisoned by a naga warrior (splash of poison)]
 44976 | Snake:2  | Found Iddoqoc's Assorted Antiques.
 44976 | Snake:2  | Found Vefas's Armour Emporium.
 44983 | Snake:2  | Found Kihypno's Distillery.
 44985 | Snake:2  | Bought a scroll of blinking for 217 gold pieces
 44985 | Snake:2  | Bought a potion of invisibility for 232 gold pieces
 44995 | Snake:2  | Found Kugi's General Store.
 44999 | Snake:2  | Bought a potion of flight for 45 gold pieces
 44999 | Snake:2  | Bought a potion of heal wounds for 75 gold pieces
 44999 | Snake:2  | Bought a potion of curing for 45 gold pieces
 45004 | Snake:2  | Bought a box of beasts for 520 gold pieces
 45004 | Snake:2  | Bought a potion of curing for 39 gold pieces
 46092 | Lair:1   | Killed Gastronok
 46211 | Lair:1   | Offered knowledge of Iron Shot by Vehumet.
 46219 | Lair:1   | Learned a level 6 spell: Iron Shot
 46264 | Lair:1   | Identified the +10 halberd of Indomitability {holy, rF-
                  | Str+6 Int+5}
 46812 | Snake:3  | Reached skill level 1 in Earth Magic
 47119 | Snake:3  | Found Huthrookk's Assorted Antiques.
 47853 | Shoals:1 | Entered Level 1 of the Shoals
 48256 | Shoals:1 | Noticed Jorgrun
 48267 | Shoals:1 | Mangled by Jorgrun
 48268 | Shoals:1 | Reached XP level 13. HP: -9/61 MP: 4/24
 48287 | Shoals:1 | Killed Jorgrun
 48542 | Shoals:1 | Reached XP level 14. HP: 54/66 MP: 22/25
 48622 | Shoals:1 | Noticed Mlioglotl
 48911 | Shoals:1 | Found the +7 great mace "Firestarter" {inner flame, rF++}
 50708 | Shoals:2 | Noticed Aizul
 50722 | Shoals:2 | Killed Aizul
 50722 | Shoals:2 | Offered knowledge of Irradiate by Vehumet.
 51100 | Shoals:2 | HP: 1/66 [merfolk javelineer/silver javelin (6)]
 51107 | Shoals:2 | Hit by a silver javelin thrown by a merfolk javelineer

Illustrated notes

Levels and vault maps discovered:
D:1:      wheals_arrival_linesprint, layout_basic
D:2:      layout_loops_corners, serial_shops, shop_fountains,
          kennysheep_cluttered_room, st_stairs_6, minmay_snake_closets
D:3:      layout_basic, grunt_dithmenos_smoke, nrook_mini_vaults,
          minmay_distorted, uniq_robin, uniq_ijyb, uniq_sigmund
D:4:      layout_rooms, serial_shops, shop
D:5:      layout_cave_pods, led_sif_book, uniq_grinder, uniq_eustachio
D:6:      layout_gridville, minmay_temple_entry_proselytizer,
          gammafunk_ghost_cemetery, uniq_edmund, uniq_pikel
D:7:      layout_rooms, mainiacjoe_overflow_six_doors_small,
          lemuel_coloured_pillars_altar, uniq_duvessa
D:8:      cheibrodos_iron_armory, layout_loops_corners,
          gammafunk_ghost_nasty_kobolds, uniq_maurice
D:9:      layout_basic, kennysheep_slug_shrine, nicolae_overflow_squiral,
          due_lair_maze_entry_diamond, erik_orc_1, minmay_misc_feat_cross
D:10:     layout_loops_ring, nicolae_uskayaw_suspiria
D:11:     layout_rooms, minmay_statue_crystal_thing
D:12:     layout_roguey, nicolae_ru_path_of_blood, uniq_josephine
Temple:   zaba_magenta_temple
Lair:1:   dragon1_lemuel, layout_regular_city, worms_lemuel, grunt_megastairs_5,
          serial_bayou_shore_a, uniq_gastronok
Lair:2:   layout_hall_layers, elwin_shoals_entry_rooms,
          nicolae_quartered_pool_impasse
Lair:3:   layout_big_grid, guppyfry_snake_entry_island, grunt_megastairs_1
Lair:4:   statuecave_lemuel, layout_regular_city, columned_hall_lemuel,
          infiniplex_staircase_pool
Lair:5:   layout_small_grid, dpeg_slime_entry_corner, lemuel_fruit_tree,
          serial_bayou_shore_b, serial_bayou_shore_b, serial_bayou_shore_b,
          infiniplex_staircase_pool_2
Lair:6:   minmay_lair_end_frog_pond, layout_regular_city, tgw_fedhas
Shoals:1: argonaut_golden_fleece, layout_shoals, uniq_jorgrun, uniq_mlioglotl
Shoals:2: layout_shoals, nicolae_shoals_lost_giant_amphitheater, uniq_aizul
Snake:1:  layout_rooms, abandoned_shop, grunt_megastairs_4
Snake:2:  layout_honeycomb, nicolae_snake_serpentine_bazaar
Snake:3:  layout_rooms, serial_shops, shop
Orc:1:    layout_diamond_mine, serial_shops
Orc:2:    grunt_orc_community_town_hall, layout_caves,
          grunt_orc_community_big_house_1, grunt_orc_community_big_house_2,
          grunt_orc_community_house_2, grunt_orc_community_house_3,
          grunt_orc_community_house_2, grunt_orc_community_house_2,
          grunt_orc_community_house_1, ebering_ghost_xom, serial_shops, shop

Skill      XL: |  1  2  3  4  5  6  7  8  9 10 11 12 13 14 15 |
---------------+----------------------------------------------+-----
Ice Magic      | 4 5 6 7 8 9 11 12 14 | 14.0
Spellcasting   | 3 5 7 |  7.9
Fighting       | 1 2 4 6 7 8 9 10 | 10.0
Dodging        | 3 4 6 7 8 9 10 | 10.0
Stealth        | 3 5 6 8 9 10 12 | 12.0
Unarmed Combat | 2 4 6 7 8 9 10 | 10.0
Conjurations   | 3 6 9 11 12 14 | 14.0
Evocations     | 1 4 5 8 |  8.0
Hexes          | 4 6 |  6.0
Air Magic      | 2 5 6 |  6.0
Earth Magic    | 3 4 |  4.4

Action                   |  1- 3 |  4- 6 |  7- 9 | 10-12 | 13-15 || total
-------------------------+-------+-------+-------+-------+-------++-------
Melee: Unarmed           |     8 |    34 |   228 |   450 |   314 ||  1034
       Bite              |       |     2 |    46 |    63 |    38 ||   149
       Punch             |       |       |    11 |    21 |    22 ||    54
 Cast: Freeze            |    32 |    45 |    68 |    85 |    33 ||   263
       Frozen Ramparts   |     2 |    11 |    37 |   115 |    90 ||   255
       Ozocubu's Armour  |       |     6 |    33 |    84 |   117 ||   240
       Hailstorm         |       |       |     8 |   123 |   210 ||   341
       Ensorcelled Hiber |       |       |       |    99 |    40 ||   139
       Freezing Cloud    |       |       |       |       |   148 ||   148
Evoke: Wand              |       |       |     3 |    15 |    14 ||    32
       Condenser vane    |       |       |       |     1 |     3 ||     4
       Box of beasts     |       |       |       |       |     2 ||     2
       Phial of floods   |       |       |       |       |     1 ||     1
  Use: Scroll            |     6 |     2 |    13 |    11 |     3 ||    35
       Potion            |       |     2 |     3 |     2 |    13 ||    20
 Stab: Sleeping          |     4 |    10 |     9 |    61 |    43 ||   127
       Distracted        |       |       |     1 |       |       ||     1
       Paralysed         |       |       |       |     1 |       ||     1
Armor: Skin              |     1 |     4 |    85 |    69 |    46 ||   205
Dodge: Dodged            |    16 |    58 |   258 |   532 |   445 ||  1309

Table legend: (Time is in decaauts)
 A = Elapsed time spent in this place.
 B = Non-inter-level travel time spent in this place.
 C = Inter-level travel time spent in this place.
 D = Time resting spent in this place.
 E = Time spent auto-exploring this place.
 F = Levels seen in this place.
 G = Mean time per level.
                   A        B        C        D        E       F      G
               +--------+--------+--------+--------+--------+-----+--------+
         Total |  47174 |  44240 |   2934 |  20153 |  16591 |  26 | 1814.4 |
       Dungeon |  20228 |  18794 |   1434 |   6460 |   9528 |  12 | 1685.7 |
        Temple |    110 |     95 |     15 |      0 |     91 |   1 |  110.0 |
          Lair |  15312 |  14316 |    996 |   7710 |   4249 |   6 | 2552.0 |
        Shoals |   3095 |   2977 |    118 |   1498 |   1016 |   2 | 1547.5 |
     Snake Pit |   6020 |   5795 |    225 |   3673 |   1193 |   3 | 2006.7 |
  Orcish Mines |   2407 |   2262 |    145 |    810 |    513 |   2 | 1203.5 |
               +--------+--------+--------+--------+--------+-----+--------+

Top non-repeatable levels by time:
  Lair:2: 3760 daAuts
  Lair:1: 3314 daAuts
     D:8: 2939 daAuts
     D:6: 2793 daAuts
 Snake:1: 2709 daAuts
     D:2: 2667 daAuts
     D:9: 2625 daAuts
  Lair:6: 2590 daAuts
 Snake:2: 2345 daAuts
  Lair:4: 2334 daAuts
  Lair:3: 1685 daAuts
  Lair:5: 1628 daAuts
Shoals:1: 1609 daAuts
    D:10: 1538 daAuts
   Orc:2: 1514 daAuts
